 Dungeon Crawl Stone Soup version 0.30.1-11-g7821555f0a (webtiles) character file.

Game seed: 17671492122882504591

8481 Zalbag the Thaumaturge (level 11, -8/81 HPs)
             Began as a Djinni Fire Elementalist on Oct 29, 2023.
             Was the Champion of Jiyva.
             Mangled by a cane toad (11 damage)
             ... while petrified by a basilisk
             ... on level 1 of the Lair of Beasts.
             The game lasted 00:30:08 (9226 turns).

Zalbag the Thaumaturge (Djinni Fire Elementalist)   Turns: 9226, Time: 00:30:09

Health: -8/81      AC:  3    Str:  5    XL:     11   Next: 56%
Gold:   467        EV:  2    Int: 29    God:    Jiyva [******] SH:  0 Dex: 12

rFire   + + .        k - +0 short sword (speed)
rCold   x . .        (no shield)
rNeg    + + +        a - +0 robe
rPois   ∞            (helmet restricted)
rElec   .            h - scarf {shadows}
rCorr   +            J - +0 pair of gloves
SInv    +            (boots unavailable)
Will    +....        (no amulet)
Stlth   +++          d - +5 ring of evasion
HPRegen 1.93/turn    f - ring of positive energy
MPRegen 0.00/turn

%: infuse magic (-9 HP)
@: petrified, flying, very slightly contaminated
A: sickness immunity, fire resistance 2, cold vulnerability 1, float, innate
caster, HP casting, extra vitality 1, antennae 1, see invisible, clever 2, wild
magic 3, tendrils, jelly sensing items, jelly absorbing missiles
a: Renounce Religion, Oozemancy, Slimify


You were on level 1 of the Lair of Beasts.
You worshipped Jiyva.
Jiyva was exalted by your worship.
You visited 2 branches of the dungeon, and saw 11 of its levels.
You also visited: Sewer and Ossuary.

You collected 467 gold pieces.

Inventory:

Hand Weapons
 i - a +0 short sword
 k - a +0 short sword of speed (weapon)
 p - a +3 falchion of holy wrath
 G - a +4 spear
 I - a +5 dagger
Missiles
 b - 5 javelins
 n - 27 poisoned darts (quivered)
 u - 7 curare-tipped darts
Armour
 a - a +0 robe (worn)
 h - a scarf of shadows (worn)
 l - a +0 helmet
 J - a +0 pair of gloves (worn)
Jewellery
 d - a +5 ring of evasion (left hand)
 f - a ring of positive energy (right hand)
 g - a ring of protection from fire
 y - a ring of fire
Wands
 F - a wand of flame (16)
 L - a wand of digging (8)
Scrolls
 e - a scroll of noise
 m - 2 scrolls of amnesia
 q - 3 scrolls of blinking {unknown}
 t - 2 scrolls of fog
 x - a scroll of teleportation
 z - a scroll of silence
 A - 2 scrolls of immolation {unknown}
 D - a scroll of enchant weapon
 K - 2 scrolls of identify
Potions
 c - 2 potions of might
 j - a potion of invisibility
 o - 2 potions of attraction
 r - 2 potions of haste
 s - 6 potions of heal wounds
 v - a potion of degeneration {unknown}
 w - 5 potions of curing
 B - 2 potions of lignification
 C - a potion of berserk rage
 E - a potion of flight
 H - 5 potions of mutation {unknown}
 M - 2 potions of cancellation {unknown}
 N - 2 potions of brilliance {unknown}


   Skills:
 + Level 7.9 Fighting
 - Level 3.3 Short Blades
 - Level 7.1 Dodging
 + Level 5.6 Stealth
 * Level 9.7 Spellcasting


You knew the following spells:

 Your Spells              Type           Power      Damage    Failure   Level
a - Foxfire               Conj/Fire      100%       2x1d9     1%          1
b - Scorch                Fire           100%       2d9       2%          2
c - Volatile Blastmotes   Fire/Tloc      100%       2d18      3%          3
d - Inner Flame           Hex/Fire       94%        N/A       3%          3
e - Flame Wave            Conj/Fire      94%        2d20      5%          4
f - Sandblast             Erth           100%       2d20      1%          1
g - Ensorcelled Hibernat  Hex/Ice        100%       N/A       2%          2
h - Passwall              Tmut/Erth      78%        N/A       2%          2
i - Summon Lightning Spi  Summ/Air       94%        N/A       5%          4
j - Manifold Assault      Tloc           94%        N/A       5%          4
Your spell library was empty.

Dungeon Overview and Level Annotations

Branches:
Dungeon (10/15)            Temple (0/1) D:6            Lair (1/5) D:10
    Orc (0/2) D:9           Sewer (visited)         Ossuary (visited)

Altars:
Dithmenos
Elyvilon
Makhleb
Nemelex Xobeh
Qazlal
Ru
Xom
Yredelemnul


Innate Abilities, Weirdness & Mutations

You are immune to sickness and miasma.
You are immune to poison.
Your flesh is very heat resistant. (rF++)
You are vulnerable to cold. (rC-)
You float through the air rather than walking.
You learn spells naturally, not from books.
Your magical power is your life essence.
You have superior vitality. (+4 MHP)
You have a pair of small antennae on your head.
You have supernaturally acute eyesight. (SInv)
Your mind is very acute. (Int +8, Str/Dex -2)
Your spells are much harder to cast, but much more powerful.
You are covered in slimy tendrils that may disarm your opponents.
You have a small jelly attached to you that senses nearby items.
You have a small jelly attached to you that may absorb projectiles.


Message History

Unknown command.
Casting: Summon Lightning Spire (dangerous; 5% risk of failure)
Confirm with . or Enter, or press ? or * to list all spells.
An electric hum fills the air.
The basilisk gazes at you.
You are slowing down.
The cane toad stings you!
Casting: Summon Lightning Spire (dangerous; 5% risk of failure)
Confirm with . or Enter, or press ? or * to list all spells.
Okay, then.
Casting: Summon Lightning Spire (dangerous; 5% risk of failure)
Confirm with . or Enter, or press ? or * to list all spells.
Aiming: Passwall (safe; 2% risk of failure)
Press: ? - help, Dir - move target A rock wall.
You miscast Passwall.
Nothing appears to happen.
The cane toad stings you! The basilisk gazes at you.
Your limbs have turned to stone.
The cane toad barely misses you.
You have turned to stone.
The cane toad stings you!! x2
Your lightning spire shoots out a bolt of lightning at the cane toad!
The bolt of electricity misses the cane toad.
The cane toad stings you! The basilisk bites you.
* * * LOW HITPOINT WARNING * * *
The cane toad stings you!
* * * LOW HITPOINT WARNING * * *
The cane toad stings you.
* * * LOW HITPOINT WARNING * * *
The basilisk gazes at you. The cane toad stings you!!
* * * LOW HITPOINT WARNING * * *
The basilisk bites you!
* * * LOW HITPOINT WARNING * * *
The cane toad stings you!
* * * LOW HITPOINT WARNING * * *
The basilisk hisses menacingly.
The basilisk gazes at you.
You easily resist.
The cane toad stings you!!
You die...

.........##
..........# #...
..........##....
...............
..............
............#
.....F@l...# ##
......##..## ###.
#.P##8 ##..####
##... #. ##
#.....P# #...<
#......#####...†
#..........##P...#
#........).#.......
#.........####....#
..........P ##..#.


You could see a cane toad (ally target), a basilisk and a friendly lightning
spire (summoned).

Vanquished Creatures
  2 two-headed ogres (D:10)
  A kobold demonologist (D:10)
  Grinder (D:3)
  7 yaks
  A basilisk (Lair:1)
  A steam dragon (D:5)
  Menkaure (Ossuary)
  2 acid dragons
  2 water moccasins
  An ice beast (D:8)
  2 sky beasts
  2 orc warriors
  A centaur (D:5)
  3 phantoms
  2 kobold brigands
  2 scorpions
  12 wights
  13 killer bees (D:8)
  2 howler monkeys
  4 jellies (Sewer)
  8 orc priests
  A gnoll bouda (D:8)
  11 orc wizards
  Terence (D:2)
  3 iguanas
  3 mummies (Ossuary)
  5 gnolls (D:8)
  4 river rats
  9 adders
  A white imp (D:5)
  An ufetubus (D:5)
  2 worms
  2 dart slugs
  47 orcs
  9 endoplasms
  10 giant cockroaches
  6 goblins
  4 hobgoblins
  3 jackals (D:3)
  3 quokkas
  9 ball pythons
  8 bats
  6 frilled lizards
  4 gnoll skeletons (Ossuary)
  5 gnoll zombies (Ossuary)
  5 goblin skeletons (Ossuary)
  3 goblin zombies (Ossuary)
  4 hobgoblin skeletons (Ossuary)
  3 hobgoblin zombies (Ossuary)
  13 kobolds
  3 kobold skeletons (Ossuary)
  5 kobold zombies (Ossuary)
  An orc skeleton (Ossuary)
  3 orc zombies (Ossuary)
  11 rats
  4 rat skeletons (Ossuary)
  2 rat zombies (Ossuary)
284 creatures vanquished.

Vanquished Creatures (collateral kills)
  2 two-headed ogres
  An ugly thing (D:7)
  A kobold demonologist (D:10)
  A kobold (D:10)
5 creatures vanquished.

Vanquished Creatures (others)
  A sky beast (D:8)
  A kobold brigand (D:8)
  7 jellies
  A hound (D:5)
  An orc wizard (D:5)
  3 adders
  An orc (D:9)
  A ball python (D:3)
  2 bats (D:3)
  A gnoll zombie (Ossuary)
  A goblin (D:4)
  2 gnoll skeletons (Ossuary)
  2 goblin zombies (Ossuary)
  13 kobolds
  An orc skeleton (Ossuary)
  A rat skeleton (Ossuary)
  A rat zombie (Ossuary)
  234 foxfires
274 creatures vanquished.

Grand Total: 563 creatures vanquished

Notes
Turn   | Place    | Note
-------+----------+-------------------------------------------
     0 | D:1      | Zalbag the Djinni Fire Elementalist began the quest for the
                  | Orb.
     0 | D:1      | Zalbag set off with the following spells memorised:
                  | Foxfire, Scorch, Volatile Blastmotes, Inner Flame, Flame
                  | Wave.
     0 | D:1      | Reached XP level 1. HP: 15/15 MP: 0/0
   146 | D:1      | Reached XP level 2. HP: 21/21 MP: 0/0
   306 | D:1      | Found a faded altar of an unknown god.
   348 | D:1      | Reached skill level 3 in Spellcasting
   569 | D:2      | Reached XP level 3. HP: 22/25 MP: 0/0
   569 | D:2      | Learned a level 1 spell: Sandblast
   606 | D:2      | Found a stormy altar of Qazlal.
  1152 | D:2      | Reached XP level 4. HP: 17/31 MP: 0/0
  1360 | D:2      | Noticed Terence
  1367 | D:2      | Killed Terence
  1656 | D:3      | Reached skill level 4 in Spellcasting
  1667 | D:3      | Reached XP level 5. HP: 28/35 MP: 0/0
  1667 | D:3      | Learned a level 2 spell: Ensorcelled Hibernation
  1703 | D:3      | Found a glowing drain.
  1707 | Sewer    | Entered a sewer
  1810 | Sewer    | Reached skill level 1 in Fighting
  1955 | Sewer    | Reached XP level 6. HP: 42/42 MP: 0/0
  1996 | Sewer    | Found a viscous altar of Jiyva.
  2016 | Sewer    | Became a worshipper of Jiyva Jocrual the Shapeless
  2162 | D:3      | Reached skill level 5 in Spellcasting
  2448 | D:3      | Found a sparkling altar of Nemelex Xobeh.
  2603 | D:3      | Reached * piety under Jiyva
  2644 | D:3      | Found a sacrificial altar of Ru.
  2714 | D:3      | Noticed Grinder
  2717 | D:3      | Killed Grinder
  2718 | D:3      | Reached XP level 7. HP: 48/50 MP: 0/0
  2718 | D:3      | Learned a level 2 spell: Passwall
  3049 | D:4      | Reached ** piety under Jiyva
  3456 | D:4      | Reached XP level 8. HP: 56/56 MP: 0/0
  3705 | D:5      | Entered Level 5 of the Dungeon
  3795 | D:5      | Reached *** piety under Jiyva
  3805 | D:5      | Reached skill level 6 in Spellcasting
  3916 | D:5      | Found a stormy altar of Qazlal.
  4077 | D:5      | Found a shadowy altar of Dithmenos.
  4077 | D:5      | Found a shimmering altar of Xom.
  4098 | D:5      | Gained mutation: You are agile. (Dex +4, Str/Int -1)
                  | [Jiyva's grace]
  4098 | D:5      | Gained mutation: You are very agile. (Dex +8, Str/Int -2)
                  | [Jiyva's grace]
  4098 | D:5      | Gained mutation: You have a small jelly attached to you
                  | that senses nearby items. [Jiyva's grace]
  4098 | D:5      | Gained mutation: You have a pair of small antennae on your
                  | head. [Jiyva's grace]
  4316 | D:6      | Reached **** piety under Jiyva
  4329 | D:6      | Reached XP level 9. HP: 54/63 MP: 0/0
  4329 | D:6      | Learned a level 4 spell: Summon Lightning Spire
  4410 | D:6      | Found a sand-covered staircase.
  4419 | Ossuary  | Entered an ossuary
  4790 | Ossuary  | Noticed Menkaure
  4798 | Ossuary  | Killed Menkaure
  4921 | D:6      | Reached skill level 7 in Spellcasting
  5099 | D:6      | Reached skill level 5 in Fighting
  5346 | D:6      | Found a staircase to the Ecumenical Temple.
  5491 | D:7      | Reached ***** piety under Jiyva
  5855 | D:7      | Lost mutation: You are very agile. (Dex +8, Str/Int -2)
                  | [Jiyva's grace]
  5855 | D:7      | Gained mutation: You have a small jelly attached to you
                  | that may absorb projectiles. [Jiyva's grace]
  5855 | D:7      | Gained mutation: You have supernaturally acute eyesight.
                  | (SInv) [Jiyva's grace]
  5855 | D:7      | Gained mutation: You are covered in slimy tendrils that may
                  | disarm your opponents. [Jiyva's grace]
  5855 | D:7      | Gained mutation: Your mind is acute. (Int +4, Str/Dex -1)
                  | [Jiyva's grace]
  5862 | D:7      | Reached skill level 5 in Dodging
  5869 | D:7      | Reached skill level 1 in Short Blades
  5888 | D:7      | Noticed a purple ugly thing
  5897 | D:7      | Killed a purple ugly thing
  6556 | D:8      | Reached XP level 10. HP: 71/72 MP: 0/0
  6753 | D:8      | Reached skill level 8 in Spellcasting
  6856 | D:8      | Reached ****** piety under Jiyva
  7594 | D:9      | Noticed a two-headed ogre
  7949 | D:9      | Found a staircase to the Orcish Mines.
  8100 | D:9      | Found a burning altar of Makhleb.
  8100 | D:9      | Noticed a blizzard demon
  8244 | D:9      | Found a basalt altar of Yredelemnul.
  8350 | D:9      | Killed a two-headed ogre
  8351 | D:9      | Reached XP level 11. HP: 78/78 MP: 0/0
  8351 | D:9      | Learned a level 4 spell: Manifold Assault
  8362 | D:9      | Found a white marble altar of Elyvilon.
  8406 | D:10     | Entered Level 10 of the Dungeon
  8428 | D:10     | Lost mutation: You are agile. (Dex +4, Str/Int -1) [Jiyva's
                  | grace]
  8428 | D:10     | Gained mutation: Your mind is very acute. (Int +8, Str/Dex
                  | -2) [Jiyva's grace]
  8428 | D:10     | Gained mutation: Your spells are a little harder to cast,
                  | but a little more powerful. [Jiyva's grace]
  8428 | D:10     | Gained mutation: Your spells are harder to cast, but more
                  | powerful. [Jiyva's grace]
  8428 | D:10     | Gained mutation: Your spells are much harder to cast, but
                  | much more powerful. [Jiyva's grace]
  8486 | D:10     | Reached skill level 9 in Spellcasting
  8540 | D:10     | Noticed a two-headed ogre
  8548 | D:10     | Killed a two-headed ogre
  8549 | D:10     | Reached skill level 5 in Stealth
  8628 | D:10     | Noticed a two-headed ogre
  8637 | D:10     | Killed a two-headed ogre
  8704 | D:10     | Found a staircase to the Lair.
  8763 | D:10     | Noticed a two-headed ogre
  8772 | D:10     | Killed a two-headed ogre
  9166 | Lair:1   | Entered Level 1 of the Lair of Beasts
  9225 | Lair:1   | HP: 1/81 [cane toad (6)]
  9226 | Lair:1   | Mangled by a cane toad

Illustrated notes

Levels and vault maps discovered:
D:1:      lemuel_arrival_hallway, layout_basic, basic_ecumenical_altar
D:2:      layout_basic, basic_altar, uniq_terence
D:3:      layout_basic, pf_just_have_faith, nicolae_overflow_crystal_walls,
          gup_sewer_entry_spiral, uniq_grinder
D:4:      minmay_wonky_spiral, layout_basic
D:5:      layout_cave_pools, gammafunk_temple_overflow_elements,
          grunt_qazlal_clouds
D:6:      layout_cave_pools, minmay_temple_entry_fiery,
          lightli_ossuary_entry_decrepit_ruins, patterned_corridor
D:7:      layout_basic, hangedman_abyss_or_decor_slice
D:8:      layout_basic
D:9:      layout_loops_ring, kennysheep_ying_yang, makhleb_altar_promises_db,
          hiddenorc2_lemuel
D:10:     layout_stronghold, dpeg_oklobed_lair
Lair:1:   layout_cave_pods, grunt_megastairs_1

Skill      XL: |  1  2  3  4  5  6  7  8  9 10 11 |
---------------+----------------------------------+-----
Spellcasting   | 3 4 5 6 7 8 9 |  9.7
Fighting       | 1 3 4 5 6 7 |  7.9
Stealth        | 2 3 4 5 |  5.6
Dodging        | 4 5 7 |  7.1
Short Blades   | 2 3 |  3.3

Action                     |  1- 3 |  4- 6 |  7- 9 | 10-12 || total
---------------------------+-------+-------+-------+-------++-------
  Melee: Unarmed           |     1 |       |       |       ||     1
         Short sword       |    33 |    67 |    27 |    29 ||   156
         Punch             |       |       |       |     2 ||     2
  Throw: Javelin           |     3 |     4 |     3 |       ||    10
         Dart              |       |       |       |     7 ||     7
   Cast: Foxfire           |    21 |    37 |    46 |    29 ||   133
         Scorch            |     7 |    29 |   150 |   187 ||   373
         Volatile Blastmot |       |     1 |       |     1 ||     2
         Ensorcelled Hiber |       |       |     1 |     1 ||     2
         Summon Lightning  |       |       |     1 |     5 ||     6
         Passwall          |       |       |       |     1 ||     1
         Sandblast         |       |       |       |     1 ||     1
    Use: Scroll            |       |       |    13 |     1 ||    14
         Potion            |       |       |     1 |       ||     1
   Stab: Sleeping          |     1 |     4 |     6 |     2 ||    13
         Distracted        |       |     1 |       |     1 ||     2
 Armour: Robe              |     7 |    15 |    10 |    10 ||    42
  Dodge: Dodged            |    32 |    80 |    93 |   160 ||   365
